 Seeded DCSS version 0.30.0 (webtiles) character file.

Game seed: 7229806256980976716 (custom seed)

25 bananamous the Trooper (level 2, 27/27 HPs)
             Began as a Draconian Berserker on July 11, 2023.
             Was a Follower of Trog.
             Got out of the dungeon alive.
             The game lasted 00:02:59 (713 turns).

bananamous the Trooper (Draconian Berserker)         Turns: 713, Time: 00:03:00

Health: 27/27      AC:  4    Str: 21    XL:     2   Next: 82%
Magic:  2/2        EV: 12    Int:  7    God:    Trog [*.....]
Gold:   50         SH:  0    Dex: 10    Spells: 1/1 levels left

rFire   . . .        c - +5 eveningstar "Yhie" {speed, rElec}
rCold   + + +        (no shield)
rNeg    . . .        (body armour unavailable)
rPois   .            d - +0 hat of Courage {Fly rC++ Str+2 Stlth-}
rElec   +            (no cloak)
rCorr   .            (no gloves)
SInv    .            (no boots)
Will    .....        e - amulet of Immorality {Acrobat rElec rC+ Stlth+}
Stlth   +            (no ring)
HPRegen 0.24/turn    (no ring)
MPRegen 0.08/turn

%: acrobat
@: flying
A: AC +4, unfitting armour, cold-blooded
a: Renounce Religion, Berserk


You escaped.
You worshipped Trog.
Trog was aware of your devotion.
You visited 1 branch of the dungeon, and saw 1 of its levels.

You collected 50 gold pieces.

Inventory:

Hand Weapons
 a - a +0 hand axe
 c - the +5 eveningstar "Yhie" (weapon) {speed, rElec}
   (You acquired it on level 1 of the Dungeon)

   rElec:     It insulates you from electricity.
Missiles
 k - a throwing net (quivered)
Armour
 d - the +0 hat of Courage (worn) {Fly rC++ Str+2 Stlth-}
   (You acquired it on level 1 of the Dungeon)

   Str:       It affects your strength (+2).
   rC:        It greatly protects you from cold.
   Fly:       It grants you flight.
   Stlth:     It makes you less stealthy.
Jewellery
 e - the amulet of Immorality (around neck) {Acrobat rElec rC+ Stlth+}
   (You acquired it on level 1 of the Dungeon)

   [amulet of the acrobat]

   It increases your evasion while moving and waiting.
   rC:        It protects you from cold.
   rElec:     It insulates you from electricity.
   Stlth:     It makes you more stealthy.
Scrolls
 b - 2 scrolls of amnesia {unknown}
 f - a scroll of teleportation {unknown}
 h - a scroll of enchant armour {unknown}
 j - a scroll of blinking {unknown}
 l - 2 scrolls of identify {unknown}
Potions
 g - a potion of might {unknown}
 i - a potion of mutation {unknown}


   Skills:
 + Level 3.6 Fighting
 - Level 3.0(3.2) Axes
 * Level 1.6(2.5) Maces & Flails
 + Level 3.0 Dodging


You had one spell level left.
You didn't know any spells.
Your spell library was empty.

Dungeon Overview and Level Annotations

Branches:
Dungeon (1/15)

Altars:


Innate Abilities, Weirdness & Mutations

Your plain brown scales are hard. (AC +4)
You cannot fit into any form of body armour.
You are cold-blooded and may be slowed by cold attacks.


Message History

You kill the hobgoblin!
Trog accepts your kill.
Your Dodging skill increases to level 3!
No target in view!
No target in view!
No target in view!
You see here a hobgoblin corpse.
k - a throwing net You now have 40 gold pieces (gained 17).
The quokka bites you but does no damage.
You sock the quokka!
You kill the quokka!
Trog accepts your kill.
No target in view!
No target in view!
No target in view!
You see here a quokka corpse.
You see here a hobgoblin corpse.
l - a scroll labelled ISYPAI JAGUE No target in view!
No target in view!
Found a robe.
No target in view!
No target in view!
You see here a +0 robe.
You now have 50 gold pieces (gained 10).
l - 2 scrolls labelled ISYPAI JAGUE (gained 1)
Found a whip.
Done exploring.
Done exploring.
(D) Dungeon
Where to? (? - help)
What level of the Dungeon? (default 1, ? - help)
You see here a +0 whip.
You see here 3 stones.
There is an open door here.
There is a staircase leading out of the dungeon here.
You can't go down here!
Are you sure you want to leave the Dungeon?
This will make you lose the game!
You have escaped!

#..# #..# #.# #####.# #.## ###.#
..# #.# ######.#####...# #.# #.#
#..............# #.# #.#
#..##+#+#'##...# #.#
#.########.#.#.###..# #.#
#......##⌠.P.P.⌠##.##
#.###..######.......###.##
#......### ##...@...####.##
#.##.....# ###########..#.#
#.##.###.####♣..>..♣###..##
#....# #...##.......###.##
..##.###.####♣.⌠_⌠.♣##..#########
####.....# #####⌠#####...........
.......### ############.########
######## #.# ######### #.#


There were no monsters in sight!

Vanquished Creatures
  2 giant cockroaches (D:1)
  A goblin (D:1)
  2 hobgoblins (D:1)
  6 jackals (D:1)
  2 quokkas (D:1)
  2 ball pythons (D:1)
  3 bats (D:1)
  A frilled lizard (D:1)
  A rat (D:1)
20 creatures vanquished.

Notes
Turn   | Place    | Note
-------+----------+-------------------------------------------
     0 | D:1      | bananamous the Draconian Berserker began the quest for the
                  | Orb.
     0 | D:1      | Reached XP level 1. HP: 19/19 MP: 1/1
    40 | D:1      | Identified 3 scrolls of acquirement
    40 | D:1      | Acquired the +5 eveningstar "Yhie" {speed, rElec}
    48 | D:1      | Acquired the +0 hat of Courage {Fly rC++ Str+2 Stlth-}
    49 | D:1      | Acquired the amulet of Immorality {Acrobat rElec rC+
                  | Stlth+}
   157 | D:1      | Reached skill level 1 in Maces & Flails
   157 | D:1      | Reached XP level 2. HP: 26/26 MP: 2/2
   713 | D:$      | Got out of the dungeon alive.

Illustrated notes

Levels and vault maps discovered:
D:1:      spicycebolla_arrival_ecumenical, layout_loops_ring

Skill      XL: |  1  2 |
---------------+-------+-----
Maces & Flails | 1 |  1.6
Dodging        | 3 |  3.0
Fighting       | |  3.6
Axes           | |  3.0

Action                     || total
---------------------------++-------
  Melee: Eveningstar       ||    34
         Tailslap          ||     2
    Use: Scroll            ||     3
 Armour: Skin              ||     8
  Dodge: Dodged            ||    24
